 Dungeon Crawl Stone Soup version 0.23.2-40-g277498a001 (webtiles) character file.

Game seed: 466262156868780176

3 MalarOregon the Charlatan (level 1, -1/16 HPs)
             Began as a Draconian Artificer on Sept 15, 2019.
             Slain by a jackal (3 damage)
             ... on level 1 of the Dungeon.
             The game lasted 00:00:38 (37 turns).

MalarOregon the Charlatan (Draconian Artificer)       Turns: 37, Time: 00:00:39

Health: -1/16      AC:  4    Str: 14    XL:     1   Next: 41%
Magic:  3/3        EV: 12    Int: 11    God:
Gold:   0          SH:  0    Dex: 11    Spells: 0/0 levels left

rFire    . . .     SeeInvis .   a - +0 short sword
rCold    . . .     Gourm    .   (no shield)
rNeg     . . .     Faith    .   (armour unavailable)
rPois    .         Spirit   .   (helmet restricted)
rElec    .         Reflect  .   (no cloak)
rCorr    .         Harm     .   (no gloves)
MR       .....                  (no boots)
Stlth    +.........             (no amulet)
HPRegen  0.05/turn              (no ring)
MPRegen  0.08/turn              (no ring)

@: no status effects
A: unfitting armour, cold-blooded, AC +4
a: no special abilities


You were on level 1 of the Dungeon.
You were not hungry.

You visited 1 branch of the dungeon, and saw 1 of its levels.

Inventory:

Hand Weapons
 a - a +0 short sword (weapon)
Wands
 c - a wand of enslavement (15)
 d - a wand of random effects (15)
 t - a wand of flame (15)
Scrolls
 b - a scroll of random uselessness {unknown}
Comestibles
 e - a ration {!d}
 f - 3 chunks of flesh


   Skills:
 * Level 1.2 Fighting
 * Level 1.2 Short Blades
 + Level 1.8 Dodging
 + Level 0.9 Stealth
 + Level 3.0 Evocations


You couldn't memorise any spells.
You didn't know any spells.
Your spell library was empty.

Dungeon Overview and Level Annotations

Branches:
Dungeon (1/15)

Altars:


Innate Abilities, Weirdness & Mutations

Your plain brown scales are hard. (AC +4)
You cannot fit into any form of body armour.
You are cold-blooded and may be slowed by cold attacks.


Message History

You hit the hobgoblin. The hobgoblin misses you.
You hit the hobgoblin.
You kill the hobgoblin!
The hobgoblin misses you.
You hit the hobgoblin but do no damage. The hobgoblin hits you.
You closely miss the rat. The hobgoblin misses you. The rat barely misses you.
You hit the rat but do no damage. The hobgoblin hits you. The rat bites you.
* * * LOW HITPOINT WARNING * * *
You hit the hobgoblin. The hobgoblin hits you.
* * * LOW HITPOINT WARNING * * *
The rat barely misses you.
You hit the rat.
You kill the rat!
The hobgoblin hits you but does no damage.
You barely miss the hobgoblin.
A jackal comes into view.
The hobgoblin barely misses you.
The jackal moves out of view.
You hit the hobgoblin.
You tail-slap the hobgoblin, but do no damage.
The hobgoblin barely misses you.
You hit the hobgoblin.
You kill the hobgoblin!
You see here a hobgoblin corpse.
You butcher the hobgoblin corpse.
f - a chunk of flesh You see here a hobgoblin skeleton.
Things that are here:
a rat corpse; a hobgoblin corpse You butcher the rat corpse.
f - 2 chunks of flesh (gained 1)
Things that are here:
a rat skeleton; a hobgoblin corpse You butcher the hobgoblin corpse.
f - 3 chunks of flesh (gained 1)
Things that are here:
a rat skeleton; a hobgoblin skeleton You start resting.
The jackal is too close now for your liking.
A jackal is nearby!
Unknown command.
You are too injured to fight recklessly!
You are too injured to fight recklessly!
A jackal comes into view.
A kobold comes into view.
The jackal barks!
The kobold shouts!
You hear a bark!
The jackal barks!
A jackal comes into view.
The jackal bites you.
* * * LOW HITPOINT WARNING * * *
The jackal bites you.
You die...

#......8#
#......<#
#......8#
#......## #
#......# #.
##......# #..
#..#8.8##
#...##..#######.#
#........h@hK.h.#
#..###....#######
# #....# #รทรท###
#..........#
#..####..#####
...# ##.## ..#


You could see 3 jackals and a kobold.

Vanquished Creatures
  2 hobgoblins (D:1)
  A rat (D:1)
3 creatures vanquished.

Notes
Turn   | Place    | Note
-------+----------+-------------------------------------------
     0 | D:1      | MalarOregon the Draconian Artificer began the quest for the
                  | Orb.
     0 | D:1      | Reached XP level 1. HP: 16/16 MP: 3/3
    37 | D:1      | Slain by a jackal

Action                   || total
-------------------------++-------
Melee: Short sword       ||    12
       Tailslap          ||     1
Armor: Skin              ||     1
Dodge: Dodged            ||     8
